 Dungeon Crawl Stone Soup version 0.24.0-10-g970556be89 (console) character file.

Game seed: 1967471497547827221, levelgen mode: deterministic

321 AlterAsc the Changer (level 6, -3/47 HPs)
             Began as a Draconian Transmuter on Nov 3, 2019.
             Slain by an ogre
             ... wielding a +0 giant club
              (18 damage)
             ... on level 4 of the Dungeon.
             The game lasted 00:05:14 (3056 turns).

AlterAsc the Changer (Draconian Transmuter)         Turns: 3056, Time: 00:05:15

Health: -3/47      AC: 11    Str: 14    XL:     6   Next: 22%
Magic:  9/12       EV: 12    Int: 14    God:
Gold:   237        SH:  0    Dex: 11    Spells: 10/13 levels left

rFire    . . .     SeeInvis .     - Unarmed
rCold    . . .     Gourm    .   (no shield)
rNeg     . . .     Faith    .   (armour unavailable)
rPois    .         Spirit   .   (helmet restricted)
rElec    .         Reflect  .   (no cloak)
rCorr    .         Harm     .   (no gloves)
MR       +....                  (no boots)
Stlth    +.........             (no amulet)
HPRegen  0.15/turn              b - +5 ring of protection
MPRegen  0.13/turn              d - ring of protection from magic

@: lethally poisoned (-3 -> -5), appendage (expiring), very slightly
contaminated
A: unfitting armour, horns 2, cold-blooded, AC +6
a: End Transformation


You were on level 4 of the Dungeon.
You were not hungry.
You had grown temporary horns.
You visited 1 branch of the dungeon, and saw 4 of its levels.

You collected 237 gold pieces.

Inventory:

Missiles
 a - 8 arrows
Jewellery
 b - a +5 ring of protection (left hand)
 d - a ring of protection from magic (right hand)
 h - an uncursed ring of protection from fire {unknown}
 q - an uncursed ring of protection from fire {unknown}
Scrolls
 e - 2 scrolls of blinking {unknown}
 f - a scroll of enchant armour {unknown}
 g - 2 scrolls of magic mapping {unknown}
 i - 2 scrolls of remove curse {unknown}
 l - 3 scrolls of identify {unknown}
 n - a scroll of teleportation {unknown}
 o - a scroll of immolation {unknown}
Potions
 j - a potion of resistance {unknown}
 k - 3 potions of heal wounds {unknown}
 m - a potion of curing {unknown}
Comestibles
 c - 4 rations
 p - a chunk of flesh


   Skills:
 - Level 1.1 Fighting
 - Level 2.0 Dodging
 + Level 4.1 Unarmed Combat
 * Level 4.0 Spellcasting
 * Level 4.3 Transmutations


You had 10 spell levels left.
You knew the following spells:

 Your Spells              Type           Power        Failure   Level  Hunger
a - Beastly Appendage     Tmut           ###...       3%          1    None
b - Sticks to Snakes      Tmut           ###.....     4%          2    ##.....

Your spell library contained the following spells:

 Spells                   Type           Power        Failure   Level  Hunger
 Spider Form              Tmut/Pois      #.........   24%         3    ###....
 Ice Form                 Ice/Tmut       #.......     61%         4    ####...
 Blade Hands              Tmut           ###.......   65%         5    ######.


Dungeon Overview and Level Annotations

Branches:
Dungeon (4/15)
 Temple: D:4-7

Altars:


Innate Abilities, Weirdness & Mutations

Your plain brown scales are hard. (AC +6)
You cannot fit into any form of body armour.
You are cold-blooded and may be slowed by cold attacks.
You have a pair of horns on your head.


Message History

Your Spellcasting skill increases to level 4!
You hit the ogre.
The ogre is lightly wounded.
You feel sick. The ogre closely misses you.
You feel sick.
Casting: Beastly Appendage (safe; 3% risk of failure)
Confirm with . or Enter, or press ? or * to list all spells.
You miscast Sticks to Snakes.
You are very lightly contaminated with residual magic.
Nothing appears to happen.
Your transformation is almost over.
You closely miss the ogre. You headbutt the ogre! You tail-slap the ogre.
The ogre is heavily wounded.
You feel sick.
The ogre hits you with a +0 giant club!!
You hit the ogre.
The ogre is heavily wounded.
You feel sick.
The ogre hits you with a +0 giant club!!
You die...

.. #. #.########
#.#......# #.#......# #
#.#......##########
..#..#?#......##.......#
.[.....'.O@............#
..#..#.#......#........#
# #.#########.###### #.
#######..####### ..
................ #.
########.###### #$
#..#### #. ##.##.#
#..#.#


You could see an ogre.

Vanquished Creatures
  Grinder (D:3)
  A hound (D:4)
  2 worker ants (D:4)
  4 adders
  4 dart slugs
  A leopard gecko (D:3)
  3 orcs (D:3)
  3 ball pythons
  A giant cockroach (D:3)
  7 goblins
  6 hobgoblins
  9 jackals
  2 quokkas
  6 bats
  5 frilled lizards
  3 kobolds (D:3)
  4 rats
62 creatures vanquished.

Vanquished Creatures (collateral kills)
  A rat (D:3)
1 creature vanquished.

Grand Total: 63 creatures vanquished

Notes
Turn   | Place    | Note
-------+----------+-------------------------------------------
     0 | D:1      | AlterAsc the Draconian Transmuter began the quest for the
                  | Orb.
     0 | D:1      | Reached XP level 1. HP: 16/16 MP: 3/3
   294 | D:1      | Reached XP level 2. HP: 19/23 MP: 5/5
   853 | D:2      | Reached XP level 3. HP: 24/28 MP: 6/6
  1811 | D:3      | Learned a level 2 spell: Sticks to Snakes
  1855 | D:3      | Reached XP level 4. HP: 35/35 MP: 8/8
  1876 | D:3      | Noticed Grinder
  1888 | D:3      | Paralysed by Grinder for 5 turns
  1899 | D:3      | Killed Grinder
  1899 | D:3      | Reached XP level 5. HP: 16/40 MP: 1/10
  2940 | D:4      | Reached XP level 6. HP: 42/47 MP: 9/11
  3056 | D:4      | Slain by an ogre

Levels and vault maps discovered:
D:1:      lightli_arrival_statuegarden, layout_basic
D:2:      kennysheep_big_flooded_room, layout_basic, first_ration
D:3:      layout_loops_corners, uniq_grinder
D:4:      layout_basic, serial_shops, shop

Skill      XL: |  1  2  3  4  5  6 |
---------------+-------------------+-----
Dodging        | 2 |  2.0
Transmutations | 3 4 |  4.3
Spellcasting   | 3 4 |  4.0
Unarmed Combat | 4 |  4.1
Fighting       | |  1.1

Action                   |  1- 3 |  4- 6 || total
-------------------------+-------+-------++-------
Melee: Unarmed           |   160 |   101 ||   261
       Headbutt          |     8 |     5 ||    13
       Punch             |     3 |     1 ||     4
       Tailslap          |    10 |     5 ||    15
       Kick              |     3 |    12 ||    15
 Cast: Beastly Appendage |    23 |    18 ||    41
       Sticks to Snakes  |       |     4 ||     4
 Stab: Distracted        |       |     1 ||     1
  Eat: Chunk             |     3 |     5 ||     8
Armor: Skin              |    67 |    42 ||   109
Dodge: Dodged            |   128 |    70 ||   198
